Map: Lerilak Crest

Players

capac - Winner!

  • Race: Terran Terran
  • League: Gold

FireRi

  • Race: Terran Terran

VOD

Have the link to the VOD?

Description

Time

  • Played on: March 20, 2016, 11:39 a.m.
  • Length: 7:48
Show
View Real Time Build Order
Export as new Build Order

capac Terran - Winner!

Build Orders:  

Get SALT Encoding   

  12  0:00  SCV  
  13  0:13  SCV  
  14  0:18  Supply Depot  
  14  0:25  SCV  
  15  0:39  SCV  
  15  0:42  Barracks  
  16  0:46  Refinery  
  16  0:53  SCV  
  17  1:05  SCV  
  18  1:17  SCV  
  19  1:29  SCV  
  19  1:30  Reaper  
  21  1:41  SCV  
  21  1:44  Command Center  
  22  1:56  Supply Depot  
  22  1:58  Orbital Command  
  22  2:19  Refinery, Barracks Reactor  
  22  2:33  Barracks  
  21  2:39  Factory  
  21  2:41  SCV  
  22  2:55  Marine x2  
  22  2:58  SCV  
  24  3:12  SCV  
  24  3:20  Marine x2  
  25  3:36  Marine  
  25  3:37  Hellion  
  25  3:38  Marine x2  
  29  3:51  Barracks  
  29  3:53  Orbital Command  
  29  3:55  SCV  
  30  3:58  Marine x3  
  30  4:02  Factory Tech Lab  
  33  4:16  Marine x3  
  36  4:19  SCV  
  37  4:24  Siege Tank  
  37  4:29  Supply Depot  
  37  4:31  SCV  
  41  4:34  Marine x2  
  43  4:42  Marine  
  43  4:43  Marine  
  45  4:52  Marine x2  
  42  5:00  Marine  
  41  5:08  Cyclone  
  41  5:10  Marine x2  
  41  5:12  Marine  
  46  5:18  Starport  
  46  5:20  Engineering Bay  
  46  5:26  Supply Depot  
  46  5:29  Marine x3  
  46  5:33  Barracks Tech Lab  
  49  6:00  Starport Reactor  
  49  6:18  Supply Depot  
  46  6:34  Siege Tank  
  46  6:38  Viking x2  
  53  6:41  Marine x4  
  57  6:58  Marine  
  58  7:07  Siege Tank  
Show
View Real Time Build Order
Export as new Build Order

FireRi Terran 

Build Orders: Liberator Opening 

Get SALT Encoding   

  12  0:01  SCV  
  13  0:13  SCV  
  14  0:24  Supply Depot  
  14  0:25  SCV  
  15  0:30  Refinery  
  15  0:46  SCV  
  15  0:49  Barracks  
  16  0:58  SCV  
  17  1:10  SCV  
  18  1:22  SCV  
  19  1:27  Refinery  
  19  1:34  SCV  
  20  1:40  Reaper  
  20  1:44  Supply Depot  
  21  1:50  Orbital Command  
  21  2:09  Factory  
  21  2:36  Reaper  
  22  2:43  SCV  
  22  2:44  Barracks  
  23  2:55  SCV  
  24  3:03  Bunker  
  24  3:06  Starport  
  24  3:07  Factory Tech Lab  
  24  3:08  Reaper, SCV  
  26  3:20  SCV  
  27  3:29  Liberator  
  27  3:44  Command Center  
  30  4:16  Marine  
  31  4:22  Supply Depot  
  31  4:26  Liberator  
  31  4:36  Marine  
  31  4:44  Siege Tank  
  32  5:13  Supply Depot  
  32  5:26  Medivac  
  34  5:29  Marine x2  
  36  5:36  Supply Depot  
  36  5:47  Marine x2  
  38  5:56  Medivac  
  37  6:15  Siege Tank  
  40  6:41  Medivac  
  40  6:44  Supply Depot  
  40  6:45  Orbital Command  
  42  6:47  Siege Tank  
  45  7:11  Medivac  
Tags
 
Add a new tag
Caveats
  • Supply blocks, unpowered buildings, or Contaminate may cause inaccurate times.
  • Supply counts are checked every 10 seconds.